 Dungeon Crawl Stone Soup version 0.21.1-1-g345015fe64 (webtiles) character file.

212 creator the Slasher (level 5, 0/42 HPs)
             Began as a Demonspawn Chaos Knight on June 7, 2018.
             Succumbed to a worker ant's poison
             ... on level 4 of the Dungeon.
             The game lasted 00:33:15 (2513 turns).

creator the Slasher (Demonspawn Chaos Knight)       Turns: 2513, Time: 00:33:16

Health: 0/42       AC: 10    Str: 13    XL:     5   Next: 58%
Magic:  5/5        EV:  6    Int: 14    God:    Xom [.....*]
Gold:   148        SH:  0    Dex: 14    Spells: 4/4 levels left

rFire    . . .     SeeInvis .   a - +1 falchion (chaos)
rCold    . . .     Gourm    .   (no shield)
rNeg     . . .     Faith    .   p - +0 chain mail
rPois    .         Spirit   .   (no helmet)
rElec    .         Reflect  .   (no cloak)
rCorr    .         Harm     .   (no gloves)
MR       .....                  (no boots)
Stlth    ..........             (no amulet)
HPRegen  0.14/turn              d - ring of stealth
MPRegen  0.09/turn              j - +2 ring of dexterity

@: lethally poisoned (0 -> -22)
A: talons 1, slimy green scales 1, powered by pain 1
a: Renounce Religion


You were on level 4 of the Dungeon.
You worshipped Xom.
You were Xom's teddy bear.
You were not hungry.

You visited 1 branch of the dungeon, and saw 4 of its levels.

You collected 148 gold pieces.

Inventory:

Hand Weapons
 a - a +1 falchion of chaos (weapon)
 i - a +1 antimagic war axe
 l - a cursed -3 short sword
Armour
 p - a +0 chain mail (worn)
Jewellery
 d - a ring of stealth (left hand)
 j - a +2 ring of dexterity (right hand)
 n - an uncursed ring of protection from cold
Scrolls
 g - 10 scrolls of teleportation
 h - a scroll of noise {unknown}
 o - 2 scrolls of enchant weapon
Potions
 b - a potion of agility {unknown}
 e - a potion of haste
 k - 2 potions of lignification
 m - a potion of degeneration {unknown}
 r - a potion of magic {unknown}
Books
 q - a book of the Dragon

   Spells                             Type                      Level
   a - Flame Tongue                   Conjuration/Fire             1
   b - Cause Fear                     Hexes                        4
   c - Bolt of Fire                   Conjuration/Fire             6
   d - Dragon Form                    Transmutation                7
   e - Dragon's Call                  Summoning                    9
Comestibles
 c - 3 rations
 f - 5 chunks of flesh


   Skills:
 + Level 3.6 Fighting
 * Level 4.7 Long Blades
 + Level 2.4 Armour
 - Level 0.8 Dodging
 * Level 1.8 Stealth


You had 4 spell levels left.
You didn't know any spells.

Dungeon Overview and Level Annotations

Branches:
Dungeon (4/15)
 Temple: D:4-7

Altars:
Fedhas
Vehumet
Yredelemnul


Innate Abilities, Weirdness & Mutations

You have sharp toenails.
You are partially covered in slimy green scales. (AC +2)
You sometimes gain a little power by taking damage.


Message History

The worker ant is almost dead.
You feel sick.
The worker ant bites you but does no damage.
The worker ant barely misses you.
You closely miss the worker ant.
You claw the worker ant, but do no damage.
The worker ant is almost dead.
* * * LOW HITPOINT WARNING * * *
You feel sick. The worker ant barely misses you.
The worker ant bites you but does no damage.
* * * LOW HITPOINT WARNING * * *
You feel sick. The worker ant bites you.
* * * LOW HITPOINT WARNING * * *
* * * LOW HITPOINT WARNING * * *
You feel sick. The worker ant bites you.
* * * LOW HITPOINT WARNING * * *
You are more poisoned.
The worker ant poisons you!
You die...
Xom howls with laughter!

### ..# ##### #.#
#...####.#
#...ara§.########
#<@.###..........
......................
.......####...........
....#.................
... #..r..............
.. #...............#.
. #.............###
...............
..............


You could see 2 worker ants and a quokka.

Vanquished Creatures
  An orc priest (D:3)
  7 adders
  A gnoll (D:1)
  5 oozes
  2 worms (D:2)
  3 dart slugs
  4 leopard geckos
  5 orcs (D:3)
  7 bats
  3 giant cockroaches
  6 goblins
  8 hobgoblins
  4 jackals (D:3)
  A quokka (D:3)
  2 ball pythons
  5 frilled lizards
  4 kobolds
  8 rats
  A withered plant (D:2)
77 creatures vanquished.

Notes
Turn   | Place    | Note
-------+----------+-------------------------------------------
     0 | D:1      | creator the Demonspawn Chaos Knight began the quest for the Orb.
     0 | D:1      | Reached XP level 1. HP: 18/18 MP: 1/1
    53 | D:1      | Reached skill level 3 in Long Blades
    57 | D:1      | Gained mutation: You sometimes gain a little power by taking damage. [demonic ancestry]
    57 | D:1      | Reached XP level 2. HP: 24/24 MP: 2/2
   102 | D:1      | XOM: divination: magic mapping
   372 | D:1      | XOM: 5-stop teleportation journey
   381 | D:1      | Gained mutation: You are partially covered in slimy green scales. (AC +2) [demonic ancestry]
   381 | D:1      | Reached XP level 3. HP: 22/29 MP: 3/3
   411 | D:1      | Reached skill level 1 in Stealth
   435 | D:1      | XOM: noise
   896 | D:2      | Reached XP level 4. HP: 32/35 MP: 4/4
   943 | D:2      | Reached skill level 4 in Long Blades
  1297 | D:2      | :
  1421 | D:2      | Found a basalt altar of Yredelemnul.
  1632 | D:2      | You fall through a shaft!
  1713 | D:3      | Gained mutation: You have sharp toenails. [demonic ancestry]
  1713 | D:3      | Reached XP level 5. HP: 38/41 MP: 5/5
  1893 | D:3      | XOM: cleaving
  1915 | D:3      | XOM: polymorph leopard gecko -> quokka
  1918 | D:3      | XOM: enchant monster (good)
  1933 | D:3      | XOM: fog
  2059 | D:3      | Found a radiant altar of Vehumet.
  2309 | D:3      | Found a blossoming altar of Fedhas.
  2497 | D:3      | You fall through a shaft!
  2503 | D:4      | XOM: smoke on damage
  2512 | D:4      | HP: 2/42 [worker ant (3)]
  2513 | D:4      | Succumbed to a worker ant's poison

Skill      XL: |  1  2  3  4 |
---------------+-------------+-----
Long Blades    | 3 4 |  4.7
Armour         | 2 |  2.4
Stealth        | 1 |  1.8
Fighting       | |  3.6
Dodging        | |  0.8

Action                   |  1- 3 |  4- 6 || total
-------------------------+-------+-------++-------
Melee: Falchion          |    61 |   226 ||   287
       Kick              |       |    27 ||    27
  Use: Scroll            |     5 |     3 ||     8
       Potion            |       |     2 ||     2
 Stab: Paralysed         |     1 |       ||     1
       Petrifying        |       |     1 ||     1
       Sleeping          |       |     1 ||     1
  Eat: Chunk             |       |     6 ||     6
Armor: Leather armour    |     4 |       ||     4
       Ring mail         |     8 |    45 ||    53
       Chain mail        |       |    43 ||    43
Dodge: Dodged            |    25 |    60 ||    85
       Rpst.: Falchion   |    11 |    23 ||    34
